Map: [ESL] Goldenaura

Players

SpeCial - Winner!

  • Race: Terran Terran
  • Spawn Location: 5:00

Kelazhur

  • Race: Terran Terran
  • Spawn Location: 12:00

Event: ESL SC2 Masters 2023 Winter (Regional)

VOD

Have the link to the VOD?

Description

Time

  • Played on: Nov. 1, 2023, 3:56 p.m.
  • Length: 5:00

All games in this series

Show
View Real Time Build Order
Export as new Build Order

SpeCial Terran - Winner!

Build Orders: Cyclone Opening 

Get SALT Encoding   

  12  0:00  SCV  
  13  0:12  SCV  
  14  0:17  Supply Depot  
  14  0:24  SCV  
  15  0:38  SCV  
  15  0:40  Barracks  
  16  0:44  Refinery  
  16  0:50  SCV  
  16  0:53  Refinery  
  17  1:03  SCV  
  18  1:15  SCV  
  19  1:27  Orbital Command, Reaper  
  19  1:30  Supply Depot  
  20  1:44  Factory  
  20  1:53  SCV  
  21  1:59  Reaper  
  22  2:06  SCV  
  23  2:18  SCV  
  24  2:31  Command Center  
  24  2:32  Cyclone  
  24  2:34  SCV  
  27  2:42  Starport  
  27  2:44  Barracks Tech Lab  
  27  2:47  SCV  
  28  2:52  Supply Depot  
  28  2:59  SCV  
  31  3:05  Cyclone  
  31  3:14  SCV  
  32  3:24  Refinery  
  32  3:26  SCV  
  31  3:27  Barracks Reactor  
  31  3:28  Banshee  
  34  3:38  Factory Tech Lab  
  34  3:39  SCV  
  35  3:44  Orbital Command  
  35  3:51  SCV  
  35  3:55  Interference Matrix  
  36  3:58  Siege Tank  
  39  4:03  SCV  
  39  4:04  Marine x2  
  43  4:10  SCV  
  43  4:16  Raven, SCV  
  46  4:21  Supply Depot  
  46  4:22  Marine x2, SCV  
  49  4:28  SCV  
  53  4:34  SCV  
  54  4:41  Command Center  
  54  4:44  SCV  
  55  4:46  SCV  
Show
View Real Time Build Order
Export as new Build Order

Kelazhur Terran 

Build Orders: Cyclone Opening 

Get SALT Encoding   

  12  0:00  SCV  
  13  0:12  SCV  
  14  0:17  Supply Depot  
  14  0:25  SCV  
  15  0:38  SCV  
  15  0:40  Barracks  
  16  0:43  Refinery  
  16  0:50  SCV  
  16  0:52  Refinery  
  17  1:02  SCV  
  18  1:15  SCV  
  19  1:27  Orbital Command, Reaper  
  19  1:29  Supply Depot  
  20  1:41  Factory  
  20  1:52  SCV  
  21  1:59  Reaper  
  22  2:04  SCV  
  23  2:15  Command Center  
  23  2:18  SCV  
  24  2:28  Hellion  
  25  2:31  Barracks Reactor, SCV  
  26  2:39  Supply Depot  
  26  2:43  SCV  
  27  2:49  Cyclone  
  29  2:52  Starport  
  29  2:55  SCV  
  29  3:07  SCV  
  29  3:12  Marine x2  
  29  3:20  SCV  
  28  3:27  Cyclone  
  28  3:30  Marine  
  28  3:33  Marine  
  32  3:34  SCV  
  32  3:40  Orbital Command  
  33  3:50  Marine  
  33  3:51  Marine  
  33  3:52  Medivac  
  33  3:55  SCV  
  38  4:06  Factory Tech Lab  
  38  4:07  SCV x2  
  38  4:09  Marine x2  
  42  4:19  SCV  
  42  4:20  SCV  
  42  4:23  Refinery  
  44  4:24  Supply Depot  
  44  4:25  Starport Tech Lab  
  47  4:31  SCV  
  47  4:33  SCV  
  47  4:34  Marine  
  47  4:36  Marine  
  53  4:46  SCV  
  53  4:47  Supply Depot  
  53  4:48  SCV  
Tags
 
Add a new tag
Caveats
  • Supply blocks, unpowered buildings, or Contaminate may cause inaccurate times.
  • Supply counts are checked every 10 seconds.